 Dungeon Crawl Stone Soup version 0.29-a0-319-gad05b8d819 (webtiles) character file.

Game seed: 11694441644592844961

18 kae the Firebug (level 2, 0/24 HPs)
             Began as a Tengu Fire Elementalist on Apr 1, 2022.
             Succumbed to an adder's poison
             ... on level 2 of the Dungeon.
             The game lasted 00:00:36 (1170 turns).

kae the Firebug (Tengu Fire Elementalist)           Turns: 1170, Time: 00:00:36

Health: 0/24       AC: 21    Str: 14    XL:     2   Next: 66%
Magic:  6/6        EV:  2    Int: 15    God:
Gold:   57         SH:  3    Dex: 14    Spells: 4/5 levels left

rFire   . . .      SeeInvis .   l - +0 dagger (venom)
rCold   . . .      Faith    .   k - +0 buckler
rNeg    . . .      Spirit   .   (body armour currently unavailable)
rPois   +          Reflect  .   (helmet currently unavailable)
rElec   .          Harm     .   (cloak currently unavailable)
rCorr   .          Rampage  .   (gloves currently unavailable)
Will    .....      NoTele   +   (boots unavailable)
Stlth   ++........              (no amulet)
HPRegen 0.08/turn               j - +6 ring of strength
MPRegen 0.10/turn               (no ring)

@: brilliant, lethally poisoned (0 -> -4), tree-form, hasted, very quick
A: stationary, stasis, torment immunity, boosted hp, (beak), (talons 3)
a: no special abilities


You were on level 2 of the Dungeon.
You were a tree.
You visited 1 branch of the dungeon, and saw 2 of its levels.

You collected 57 gold pieces.

Inventory:

Hand Weapons
 l - a +0 dagger of venom (weapon)
Armour
 a - a +0 robe (melded)
 k - a +0 buckler (worn)
Jewellery
 j - a +6 ring of strength (left branch)
Scrolls
 d - a scroll of teleportation {unknown}
 e - 2 scrolls of identify {unknown}
 g - a scroll of vulnerability {unknown}
 h - a scroll of blinking {unknown}
Potions
 b - a potion of magic
 f - a potion of brilliance


   Skills:
 + Level 0.5 Fighting
 + Level 0.6 Armour
 + Level 2.4 Dodging
 - Level 2.0 Stealth
 + Level 2.1 Spellcasting
 + Level 1.8 Conjurations
 * Level 3.6 Fire Magic


You had 4 spell levels left.
You knew the following spells:

 Your Spells              Type           Power      Damage    Failure   Level
a - Foxfire               Conj/Fire      56%        2x1d6     10%         1

Your spell library contained the following spells:

 Spells                   Type           Power      Damage    Failure   Level
 Scorch                   Fire           36%        2d7       11%         2
 Conjure Flame            Conj/Fire      14%        6-21      30%         3
 Inner Flame              Hex/Fire       10%        N/A       38%         3
 Corpse Rot               Necr/Air       4%         N/A       41%         2
 Poisonous Vapours        Pois/Air       4%         N/A       41%         2
 Sublimation of Blood     Necr           2%         N/A       41%         2
 Wereblood                Tmut           2%         N/A       41%         2
 Flame Wave               Conj/Fire      14%        2d6       69%         4
 Summon Hydra             Summ           1%         N/A       100%        7


Dungeon Overview and Level Annotations

Branches:
Dungeon (2/15)

Altars:
Elyvilon


Innate Abilities, Weirdness & Mutations

You are a tree.
Your roots penetrate the ground, keeping you stationary.
You cannot be teleported.
You are immune to unholy pain and torment.
Your maximum health is greatly increased.
Your equipment is partially melded.
((You have a beak for a mouth.))
((You have claws for feet.))


Message History

A rat and an adder come into view.
The adder hisses angrily.
The adder moves out of view.
There are monsters nearby!
There are monsters nearby!
The adder barely misses you.
You barely miss the adder. You block the adder's attack. The adder bites you.
You are poisoned.
The adder poisons you!
You miss the adder. Your kick misses the adder. You peck the adder.
The adder is moderately wounded.
You feel sick. The adder bites you.
You are lethally poisoned!
The adder poisons you!
You are too injured to fight recklessly!
You are too injured to fight recklessly!
You are too injured to fight recklessly!
There is a lethal amount of poison in your body!
You are too injured to fight recklessly!
You are too injured to fight recklessly!
It was a potion of heal wounds.
You feel much better.
You feel very sick. The rat bites you. The adder bites you.
You feel sick. The adder bites you.
* * * LOW HITPOINT WARNING * * *
It was a potion of brilliance.
You feel clever all of a sudden.
* * * LOW HITPOINT WARNING * * *
You feel sick. The adder barely misses you.
It was a potion of haste.
You feel yourself speed up.
* * * LOW HITPOINT WARNING * * *
You feel sick. The adder barely misses you.
It was a potion of lignification.
You turn into a tree.
Your +0 robe melds into your body.
Your roots penetrate the ground.
* * * LOW HITPOINT WARNING * * *
You feel sick. The adder bites you but does no damage.
You cannot move.
You closely miss the adder.
The adder is moderately wounded.
You die...

### ... #.#############
#.............#########
###.......†..............
.........######.#.##.#.#.
......rS.......###.......
.......#♣###### #<###....
.......#.# #.## ..
.......#.. #. .......####
#. ....... .. ####.## #.
#. .. ##


You could see an adder and a rat.

Vanquished Creatures
  2 endoplasms (D:1)
  3 goblins (D:1)
  2 jackals (D:1)
  A quokka (D:1)
  2 ball pythons (D:1)
  3 bats
  2 kobolds (D:1)
  3 rats (D:1)
18 creatures vanquished.

Vanquished Creatures (collateral kills)
  A foxfire (D:1)
1 creature vanquished.

Vanquished Creatures (others)
  43 foxfires (D:1)
43 creatures vanquished.

Grand Total: 62 creatures vanquished

Notes
Turn   | Place    | Note
-------+----------+-------------------------------------------
     0 | D:1      | kae the Tengu Fire Elementalist began the quest for the
                  | Orb.
     0 | D:1      | Reached XP level 1. HP: 10/10 MP: 4/4
   138 | D:1      | Found a faded altar of an unknown god.
   200 | D:1      | Reached XP level 2. HP: 15/15 MP: 3/6
  1146 | D:2      | Found a white marble altar of Elyvilon.
  1169 | D:2      | HP: 1/24 [poisoned by an adder]
  1170 | D:2      | Succumbed to an adder's poison

Illustrated notes

Levels and vault maps discovered:
D:1:      saegor_arrival_simple_c, layout_basic,
          hellmonk_ecumenical_altar_heavens_door, moated_statue,
          serial_bayou_pond_d, st_stairs_4
D:2:      layout_loops_ring, basic_altar, chequers_garden

Action                   || total
-------------------------++-------
Melee: Unarmed           ||     9
       Dagger            ||     5
       Kick              ||     3
       Peck              ||     1
 Cast: Foxfire           ||    29
  Use: Potion            ||     4
Armor: Robe              ||     7
       Skin              ||     1
Dodge: Dodged            ||    13
Block: Buckler           ||     1

Table legend: (Time is in decaauts)
 A = Elapsed time spent in this place.
 B = Non-inter-level travel time spent in this place.
 C = Inter-level travel time spent in this place.
 D = Time resting spent in this place.
 E = Time spent auto-exploring this place.
 F = Levels seen in this place.
 G = Mean time per level.
                   A        B        C        D        E       F      G
               +--------+--------+--------+--------+--------+-----+--------+
         Total |   1172 |   1053 |    119 |      0 |    905 |   2 |  586.0 |
       Dungeon |   1172 |   1053 |    119 |      0 |    905 |   2 |  586.0 |
               +--------+--------+--------+--------+--------+-----+--------+

Top non-repeatable levels by time:
     D:1: 1147 daAuts
     D:2: 25 daAuts
